 Dungeon Crawl Stone Soup version 0.23.0 (webtiles) character file.

Game seed: 3051340094659568228

142517 lilly the Sharpshooter (level 16, -3/134 HPs)
             Began as a Minotaur Monk on Feb 17, 2019.
             Was an Initiate of Gozag.
             Shot with a bolt by a naga sharpshooter (19 damage)
             ... on level 4 of the Snake Pit.
             The game lasted 02:14:11 (31850 turns).

lilly the Sharpshooter (Minotaur Monk)             Turns: 31850, Time: 02:14:14

Health: -3/134     AC: 16    Str: 39    XL:     16   Next: 80%
Magic:  21/21      EV: 19    Int: 11    God:    Gozag
Gold:   1287       SH:  0    Dex: 14    Spells: 15/15 levels left

rFire    . . .     SeeInvis +   v - +8 arbalest of Annoyance {velocity, *Contam +Fly Str+3 Int+4}
rCold    x . .     Gourm    .   (shield currently unavailable)
rNeg     + . .     Faith    +   O - +0 scale mail of Uskayaw's Outrage {*Drain Regen+ Str+4 SInv}
rPois    +         Spirit   .   H - +2 hat
rElec    .         Reflect  .   s - +0 cloak
rCorr    .         Harm     .   j - +2 pair of gloves
MR       +....                  g - +2 pair of boots
Stlth    +.........             z - amulet "Pume" {Faith rPois rC- Str+8 Dex-2}
HPRegen  0.72/turn              m - ring of flight
MPRegen  0.17/turn              q - ring of positive energy

@: berserk cooldown, slowed, very slow
A: retaliatory headbutt, horns 2, repulsion field 1, deformed body, frail 1,
strong 2, evolution 1, MP-powered wands
a: Potion Petition, Call Merchant, Bribe Branch, Renounce Religion, Evoke Flight


You were on level 4 of the Snake Pit.
You worshipped Gozag.
Gozag was most pleased with you.
You were not hungry.

You visited 5 branches of the dungeon, and saw 28 of its levels.
You visited the Abyss 1 time.

You collected 10567 gold pieces.
You spent 3300 gold pieces at shops.
You paid 5980 gold pieces to Gozag.

Inventory:

Hand Weapons
 v - the +8 arbalest of Annoyance (weapon) {velocity, *Contam +Fly Str+3 Int+4}
   (You bought it in a shop on level 4 of the Dungeon)

   Any bolt fired from it inflicts extra damage.
   It affects your strength (+3).
   It affects your intelligence (+4).
   It lets you fly.
   It causes magical contamination when unequipped.
 G - the +8 war axe of Destiny {antimagic, +Blink rElec rF+}
   (You bought it in a shop on level 2 of the Orcish Mines)

   It reduces the magical energy of the wielder, and disrupts the spells and
   magical abilities of those hit.
   Natural abilities and divine invocations are not affected.
   It protects you from fire.
   It insulates you from electricity.
   It lets you blink.
 P - the +10 spear "Anurufis" {pierce, rElec Int+4}
   (You bought it in a shop on level 5 of the Lair of Beasts)

   It inflicts extra damage upon your enemies.
   It affects your intelligence (+4).
   It insulates you from electricity.
Missiles
 p - 8 javelins
 w - 151 bolts (quivered)
 y - 8 tomahawks
Armour
 g - a +2 pair of boots (worn)
 j - a +2 pair of gloves (worn)
 s - a +0 cloak (worn)
 H - a +2 hat (worn)
 O - the +0 scale mail of Uskayaw's Outrage (worn) {*Drain Regen+ Str+4 SInv}
   (You found it on level 11 of the Dungeon)

   It affects your strength (+4).
   It lets you see invisible.
   It increases your rate of regeneration.
   It causes draining when unequipped.
Jewellery
 b - an uncursed amulet of regeneration
 k - an uncursed amulet of rage
 m - a ring of flight (left hand)
 q - a ring of positive energy (right hand)
 z - the amulet "Pume" (around neck) {Faith rPois rC- Str+8 Dex-2}
   (You bought it in a shop on level 9 of the Dungeon)

   [amulet of faith]

   It allows you to gain divine favour quickly.
   It affects your strength (+8).
   It affects your dexterity (-2).
   It makes you vulnerable to cold.
   It protects you from poison.
 K - an uncursed ring of see invisible
Wands
 e - a wand of enslavement (5)
 n - a wand of random effects (84)
 A - a wand of polymorph (10)
 C - a wand of paralysis (16)
 L - a wand of iceblast (5)
 M - a wand of disintegration (17)
 S - a wand of flame (11)
 U - a wand of scattershot (4)
Scrolls
 a - a scroll of silence
 f - 9 scrolls of remove curse
 h - 6 scrolls of magic mapping
 l - 2 scrolls of blinking
 o - 3 scrolls of fog
 t - 2 scrolls of identify
 u - 5 scrolls of amnesia
 x - 13 scrolls of teleportation
 I - a scroll of vulnerability
 V - 2 scrolls of holy word
 X - 2 scrolls of fear
Potions
 i - a potion of lignification
 r - 5 potions of flight
 B - 3 potions of brilliance
 D - 4 potions of cancellation
 E - 4 potions of resistance
 J - 4 potions of berserk rage
 N - 3 potions of haste
 Q - 5 potions of magic
 R - a potion of curing
 T - a potion of mutation
 W - a potion of invisibility
Miscellaneous
 d - a phial of floods
 Y - a fan of gales
 Z - a lamp of fire
Comestibles
 c - 21 rations


   Skills:
 * Level 15.2 Fighting
 * Level 7.3(11.8) Axes
   Level 10.8(11.7) Maces & Flails
 + Level 10.4(11.3) Polearms
 * Level 17.0 Crossbows
 + Level 8.3 Throwing
 + Level 11.8 Armour
 + Level 10.6 Dodging
 + Level 4.8 Stealth
 + Level 8.4 Evocations


You had 15 spell levels left.
You didn't know any spells.
Your spell library contained the following spells:

 Spells                   Type           Power        Failure   Level  Hunger
 Magic Dart               Conj           #...         50%         1    ##.....
 Shock                    Conj/Air       #...         50%         1    ##.....
 Sting                    Conj/Pois      #...         50%         1    ##.....
 Blink                    Tloc           N/A          63%         2    ###....
 Call Imp                 Summ           #.......     63%         2    ###....
 Poisonous Vapours        Pois/Air       #.....       63%         2    ###....
 Searing Ray              Conj           #.....       63%         2    ###....
 Slow                     Hex            #.......     63%         2    ###....
 Swiftness                Chrm/Air       #.......     63%         2    ###....
 Conjure Flame            Conj/Fire      #.......     86%         3    ####...
 Dazzling Spray           Conj/Hex       #.....       86%         3    ####...
 Mephitic Cloud           Conj/Pois/Air  #.......     86%         3    ####...
 Static Discharge         Conj/Air       #.......     86%         3    ####...
 Airstrike                Air            #.........   99%         4    #####..
 Cause Fear               Hex            #.........   99%         4    #####..
 Force Lance              Conj/Tloc      #.......     99%         4    #####..
 Fulminant Prism          Conj/Hex       #.........   99%         4    #####..
 Iskenderun's Mystic Bla  Conj           #.......     99%         4    #####..
 Olgreb's Toxic Radiance  Pois           #.......     99%         4    #####..
 Lightning Bolt           Conj/Air       #.........   100%        5    ######.
 Silence                  Hex/Air        #.........   100%        5    ######.
 Venom Bolt               Conj/Pois      #.........   100%        5    ######.
 Yara's Violent Unravell  Hex/Tmut       #.........   100%        5    ######.
 Deflect Missiles         Chrm/Air       #.........   100%        6    #######
 Discord                  Hex            #.........   100%        8    #######


Dungeon Overview and Level Annotations

Branches:
Dungeon (15/15)            Temple (1/1) D:4            Lair (6/6) D:9
 Shoals (0/4) Lair:2        Snake (4/4) Lair:2        Slime (0/5) Lair:5
    Orc (2/2) D:12            Elf (0/3) Orc:2        Vaults (0/5) D:13
 Depths (0/5) D:15

Altars:
Ashenzari
Cheibriados
Dithmenos
Elyvilon
Fedhas
Gozag
Hepliaklqana
Kikubaaqudgha
Makhleb
Nemelex Xobeh
Okawaru
Qazlal
Ru
Sif Muna
Trog
Uskayaw
Vehumet
Wu Jian
Xom
Yredelemnul
Zin
The Shining One
Beogh

Shops:
D:4 (   D:6 [   D:9 =   D:10 }   D:13 *   Orc:2 %(%?   Lair:1 [   Lair:5 (

Annotations:
Lair:4 exclusion: 3 oklob plants
Snake:4 1 runed translucent door, Louise
Orc:1 2 transporters, Syrinius's ghost, journeyman TeAE


Innate Abilities, Weirdness & Mutations

You reflexively headbutt those who attack you in melee.
You have a pair of horns on your head.
You are surrounded by a mild repulsion field. (EV +2)
Armour fits poorly on your strangely shaped body.
You are frail. (-10% HP)
Your muscles are very strong. (Str +4)
You evolve.
You expend magic power (3 MP) to strengthen your wands.


Message History

Really attack while wielding the +8 arbalest of Annoyance {velocity, *Contam +Fly Str+3 Int+4}?
Okay, then.
You escape the naga warrior's grasp.
You see here 6 bolts.
You feel a strong urge to attack something.
You are no longer berserk.
You are exhausted.
You feel yourself slow down.
Louise mumbles some strange words.
Louise blinks!
Louise points at you and mumbles some strange words.
The bolt of lightning misses you.
Okay, then.
Louise gestures wildly while chanting.
Louise blinks!
The naga sharpshooter casts a spell.
The naga sharpshooter magically shoots a bolt.
The bolt hits you!!
You die...
Your body crumbles into a pile of gold.

..........##..###....#...........
..........#..........#...........
#####.....##........##..########.
#...#.....#..........#.##......#.
'#..#.....#..........#.#.......##
.#..'#....#.........##.##.......'
.#...#....##.#.#....#...#....#..'
.#...#.....#######'##N.@#########
##...#..........@..§N..N($....(..
.....#.###################N...###
.....#.# .(..# )....#.# ..(.#
.....#.# ..(..# ....##. $....#
.....# ..N..# .....# .....#
....##


You could see Louise, 2 naga warriors and a naga sharpshooter.

Vanquished Creatures
  An Executioner (Abyss:2)
  Roxanne (Snake:1)
  4 nagarajas
  2 very ugly things (Abyss:2)
  Azrael (D:15)
  An ettin (Orc:2)
  Snorg (Lair:5)
  Josephine (Lair:5)
  A yaktaur captain (D:15)
  11 hydras
  Erolcha (D:12)
  A rakshasa (Abyss:2)
  A vault guard (D:13)
  A great orb of eyes (Abyss:2)
  5 anacondas
  8 naga warriors
  A catoblepas (Lair:6)
  A centaur warrior (D:15)
  The ghost of Bitard the Cleaver, a novice MiBe of Trog (D:9)
  3 two-headed ogres
  A deep troll shaman (Lair:6)
  4 naga sharpshooters
  8 death yaks
  4 thrashing horrors (Abyss:2)
  8 orc high priests
  5 shock serpents
  A shadow wraith (Abyss:2)
  A wretched star (Abyss:2)
  A sixfirhy (Abyss:2)
  3 naga ritualists
  4 unseen horrors
  An orc knight (D:15)
  3 oklob plants
  An orc sorcerer (Orc:2)
  A deep elf mage (D:12)
  7 mana vipers
  A manticore (D:12)
  6 ugly things
  A cyclops (D:15)
  8 elephants
  33 black mambas
  A worldbinder (Abyss:2)
  7 salamanders
  A torpor snail (Lair:5)
  8 naga magi
  A smoke demon (Abyss:2)
  3 gargoyles
  Psyche (D:9)
  A guardian serpent (Snake:1)
  10 spiny frogs
  3 rime drakes
  8 komodo dragons
  2 freezing wraiths
  A demonic crawler (Abyss:2)
  2 yaktaurs (D:15)
  A tormentor (Abyss:2)
  A tengu conjurer (D:12)
  A redback zombie (D:14)
  2 ancient zymes (Abyss:2)
  A hornet (Lair:4)
  A queen bee (Orc:1)
  7 trolls
  A troll (shapeshifter) (D:15)
  A polar bear (shapeshifter) (D:15)
  3 polar bears
  3 raiju (Abyss:2)
  7 hippogriffs
  26 blink frogs
  6 dream sheep (Lair:4)
  4 spriggans
  A vampire (D:14)
  A large abomination (Abyss:2)
  50 yaks
  Sigmund (D:6)
  A fire bat (Abyss:2)
  5 wraiths
  2 wyverns
  4 fire elementals
  3 hungry ghosts
  4 golden eyes (Abyss:2)
  3 basilisks
  A steam dragon (D:10)
  10 vampire mosquitoes
  25 nagas
  7 wargs
  12 water moccasins
  7 porcupines
  5 small abominations (Abyss:2)
  4 hell hounds (D:15)
  2 black bears
  A hornet zombie (D:15)
  A necrophage (D:8)
  2 ice beasts
  2 sky beasts
  14 orc warriors
  4 phantoms
  12 ogres
  15 wolves
  18 centaurs
  11 crocodiles
  A big kobold (D:9)
  17 bullfrogs
  A wyvern zombie (D:8)
  7 scorpions
  31 killer bees
  12 wights
  3 howler monkeys
  A bullfrog zombie (D:5)
  4 lava snakes (D:14)
  6 starcursed masses (Abyss:2)
  7 crimson imps
  3 quasits
  3 jellies
  7 hounds
  4 centaur skeletons
  A gnoll shaman (D:7)
  36 orc priests
  2 iguanas (D:8)
  30 orc wizards
  13 worker ants
  A hound skeleton (D:8)
  12 adders
  10 gnolls
  5 shadow imps
  2 ufetubi (Abyss:2)
  An ooze (D:2)
  An adder skeleton (D:7)
  2 adder zombies
  2 worms (D:3)
  2 dart slugs
  9 leopard geckos
  116 orcs
  4 giant cockroaches
  7 goblins
  8 hobgoblins
  12 jackals
  5 quokkas
  7 bats
  7 frilled lizards
  A jackal skeleton (D:8)
  11 kobolds
  2 quokka zombies
  13 rats
920 creatures vanquished.

Vanquished Creatures (collateral kills)
  A naga mage (Snake:1)
  A polar bear (Lair:4)
  10 killer bees (Orc:1)
12 creatures vanquished.

Vanquished Creatures (others)
  A naga (Snake:1)
  19 fungi
  A lurking horror (Abyss:2)
  20 plants
41 creatures vanquished.

Grand Total: 973 creatures vanquished

Notes
Turn   | Place    | Note
-------+----------+-------------------------------------------
     0 | D:1      | lilly the Minotaur Monk began the quest for the Orb.
     0 | D:1      | Reached XP level 1. HP: 19/19 MP: 0/0
   299 | D:1      | Reached XP level 2. HP: 27/27 MP: 1/1
   818 | D:2      | Found a shattered altar of Ashenzari.
  1042 | D:2      | Reached XP level 3. HP: 32/33 MP: 2/2
  1739 | D:2      | Found a glowing golden altar of the Shining One.
  1739 | D:2      | Found an ancient bone altar of Kikubaaqudgha.
  1739 | D:2      | Found an iron altar of Okawaru.
  1743 | D:2      | Found a stormy altar of Qazlal.
  1818 | D:3      | Reached XP level 4. HP: 26/40 MP: 3/3
  1821 | D:3      | Reached skill level 5 in Maces & Flails
  2015 | D:3      | Found an ornate altar of the Wu Jian Council.
  2529 | D:3      | Reached XP level 5. HP: 29/47 MP: 4/4
  3222 | D:4      | Reached XP level 6. HP: 43/53 MP: 5/5
  3384 | D:4      | Found a staircase to the Ecumenical Temple.
  3417 | Temple   | Entered the Ecumenical Temple
  3468 | Temple   | Became a worshipper of Gozag Ym Sagoz the Greedy
  3536 | D:4      | Reached skill level 1 in Evocations
  3833 | D:4      | Found Sarepsat's Antique Weapon Emporium.
  3838 | D:4      | Bought a polished arbalest for 218 gold pieces
  3838 | D:4      | Identified the +8 arbalest of Annoyance {velocity, *Contam
                  | +Fly Str+3 Int+4} (You bought it in a shop on level 4 of
                  | the Dungeon)
  4146 | D:5      | Entered Level 5 of the Dungeon
  4190 | D:5      | Reached skill level 1 in Armour
  4267 | D:5      | Reached skill level 1 in Crossbows
  4267 | D:5      | Reached XP level 7. HP: 60/60 MP: 6/6
  4429 | D:5      | Found a hide-covered altar of Uskayaw.
  4499 | D:5      | Got a brightly glowing leather armour
  4510 | D:5      | Identified the cursed +1 leather armour "Siecaset" {rF++
                  | Str+4} (You found it on level 5 of the Dungeon)
  4522 | D:5      | Found a glowing golden altar of the Shining One.
  4740 | D:5      | Found a shimmering altar of Xom.
  4925 | D:5      | Reached skill level 2 in Crossbows
  5208 | D:6      | Noticed Sigmund
  5213 | D:6      | Killed Sigmund
  5213 | D:6      | Reached skill level 5 in Fighting
  5213 | D:6      | Reached skill level 3 in Crossbows
  5303 | D:6      | Found Vueruigo's Armour Emporium.
  5481 | D:6      | Reached XP level 8. HP: 39/68 MP: 8/8
  5483 | D:6      | Reached skill level 4 in Crossbows
  5483 | D:6      | Reached skill level 5 in Dodging
  5719 | D:7      | Reached skill level 5 in Crossbows
  6067 | D:7      | Reached skill level 6 in Crossbows
  6077 | D:7      | Reached XP level 9. HP: 74/75 MP: 10/10
  6434 | D:7      | Found a burning altar of Makhleb.
  6440 | D:7      | Found a shimmering altar of Xom.
  6733 | D:8      | Reached skill level 7 in Crossbows
  6892 | D:8      | Found a shadowy altar of Dithmenos.
  7313 | D:8      | Found a radiant altar of Vehumet.
  7362 | D:8      | Reached skill level 5 in Armour
  7408 | D:8      | Reached skill level 8 in Crossbows
  7408 | D:8      | Reached XP level 10. HP: 24/84 MP: 12/12
  7744 | D:9      | Found a runed translucent door.
  7748 | D:9      | Identified the +6 trident of Pihicro {freeze, Int+2 Dex+4}
  7749 | D:9      | Noticed Bitard's ghost (novice MiBe)
  7981 | D:9      | Reached skill level 1 in Throwing
  8090 | D:9      | Found a staircase to the Lair.
  8104 | D:9      | Noticed Psyche
  8114 | D:9      | Killed Psyche
  8114 | D:9      | Reached skill level 5 in Evocations
  8187 | D:9      | Found a snail-covered altar of Cheibriados.
  8274 | D:9      | Found Wila's Jewellery Boutique.
  8314 | D:9      | Bought the amulet "Pume" {Faith rPois rC- Str+8 Dex-2} for
                  | 738 gold pieces
  8482 | D:9      | Found a white marble altar of Elyvilon.
  8510 | D:9      | Reached skill level 9 in Crossbows
  8573 | D:9      | Found a basalt altar of Yredelemnul.
  8814 | D:10     | Entered Level 10 of the Dungeon
  8814 | D:10     | Found Uruxyoh's Gadget Shop.
  9080 | D:10     | Bought a sack of spiders for 200 gold pieces
  9080 | D:10     | Bought a wand of paralysis (12) for 140 gold pieces
  9891 | D:10     | Noticed a two-headed ogre
  9894 | D:10     | Killed a two-headed ogre
  9894 | D:10     | Reached skill level 10 in Crossbows
  9921 | D:10     | Noticed a green ugly thing
  9923 | D:10     | Killed a green ugly thing
  9923 | D:10     | Reached XP level 11. HP: 94/94 MP: 14/14
 10883 | D:11     | Noticed a green ugly thing
 10890 | D:11     | Killed a green ugly thing
 11212 | D:11     | Got a translucent scale mail
 11223 | D:11     | Identified the +0 scale mail of Uskayaw's Outrage {*Drain
                  | Regen+ Str+4 SInv} (You found it on level 11 of the
                  | Dungeon)
 11713 | D:12     | Reached skill level 11 in Crossbows
 11919 | D:12     | Noticed an unseen horror
 11922 | D:12     | Killed an unseen horror
 11928 | D:12     | Noticed Erolcha
 11929 | D:12     | Killed Erolcha
 11929 | D:12     | Reached skill level 5 in Throwing
 11941 | D:12     | Noticed an unseen horror
 11943 | D:12     | Killed an unseen horror
 12039 | D:12     | Noticed a deep elf mage
 12042 | D:12     | Killed a deep elf mage
 12290 | D:12     | Noticed a green ugly thing
 12294 | D:12     | Killed a green ugly thing
 12297 | D:12     | Found a staircase to the Orcish Mines.
 12355 | D:12     | Noticed a two-headed ogre
 12362 | D:12     | Killed a two-headed ogre
 12362 | D:12     | Reached skill level 12 in Crossbows
 12362 | D:12     | Reached XP level 12. HP: 34/103 MP: 15/15
 12750 | Orc:1    | Entered Level 1 of the Orcish Mines
 12799 | Orc:1    | Noticed Syrinius's ghost (journeyman TeAE)
 12800 | Orc:1    | Found a transporter.
 12814 | Orc:1    | Found a transporter.
 13176 | Orc:2    | Entered Level 2 of the Orcish Mines
 13322 | Lair:1   | Entered Level 1 of the Lair of Beasts
 13494 | Lair:1   | Bought a heavily runed scale mail for 270 gold pieces
 13494 | Lair:1   | Identified the cursed +0 scale mail of Midnight {rElec
                  | Regen+} (You bought it in a shop on level 1 of the Lair of
                  | Beasts)
 13809 | Lair:1   | Gained mutation: You are weak. (Str -2) [mutagenic glow]
 14645 | Lair:2   | Found a staircase to the Snake Pit.
 14871 | Lair:2   | Noticed a five-headed hydra
 14896 | Lair:2   | Killed a five-headed hydra
 14993 | Lair:2   | Reached XP level 13. HP: 47/112 MP: 17/17
 15169 | Lair:2   | Found a staircase to the Shoals.
 16144 | Lair:3   | Reached skill level 10 in Fighting
 16529 | Lair:4   | Reached skill level 10 in Maces & Flails
 18162 | Lair:5   | Bought a jewelled spear for 208 gold pieces
 18162 | Lair:5   | Identified the +10 spear "Anurufis" {pierce, rElec Int+4}
                  | (You bought it in a shop on level 5 of the Lair of Beasts)
 18217 | Lair:5   | Noticed Sonja
 18261 | Lair:5   | Reached skill level 1 in Polearms
 18395 | Lair:5   | Found a staircase to the Slime Pits.
 18517 | Lair:5   | Noticed Josephine
 18563 | Lair:5   | Killed Josephine
 18746 | Lair:5   | Noticed Snorg
 18766 | Lair:5   | Killed Snorg
 19139 | Lair:5   | Reached XP level 14. HP: 116/124 MP: 19/19
 19351 | Lair:5   | Reached skill level 5 in Polearms
 19733 | Lair:5   | Noticed Sonja
 19733 | Lair:5   | Sonja changed into Sonja the water moccasin
 19739 | Lair:5   | Killed Sonja the water moccasin
 19911 | Lair:6   | Entered Level 6 of the Lair of Beasts
 20287 | Lair:6   | Reached skill level 10 in Armour
 20312 | Lair:6   | Reached skill level 10 in Dodging
 20372 | Lair:6   | Reached skill level 13 in Crossbows
 20506 | Lair:6   | Lost mutation: You are weak. (Str -2) [potion of mutation]
 20506 | Lair:6   | Gained mutation: You have a pair of large horns on your
                  | head. [potion of mutation]
 20506 | Lair:6   | Gained mutation: You are resistant to hostile enchantments.
                  | (MR+) [potion of mutation]
 21040 | Lair:6   | Lost mutation: You are resistant to hostile enchantments.
                  | (MR+) [potion of mutation]
 21040 | Lair:6   | Lost mutation: You have a pair of large horns on your head.
                  | [potion of mutation]
 21040 | Lair:6   | Gained mutation: Your muscles are strong. (Str +2) [potion
                  | of mutation]
 21040 | Lair:6   | Gained mutation: You evolve. [potion of mutation]
 21040 | Lair:6   | Gained mutation: Your muscles are very strong. (Str +4)
                  | [potion of mutation]
 21388 | D:9      | Gained mutation: Armour fits poorly on your strangely
                  | shaped body. [evolution]
 22578 | D:9      | Killed Bitard's ghost
 23553 | Orc:2    | Found a staircase to the Elven Halls.
 23899 | Orc:1    | Found a roughly hewn altar of Beogh.
 24123 | Orc:2    | Found Weziejux's Magic Scroll Boutique.
 24123 | Orc:2    | Found Tyudud's Food Shoppe.
 24151 | Orc:2    | Bought a scroll of remove curse for 45 gold pieces
 24151 | Orc:2    | Bought a scroll of teleportation for 45 gold pieces
 24151 | Orc:2    | Bought a scroll of identify for 30 gold pieces
 24151 | Orc:2    | Bought a scroll of identify for 30 gold pieces
 24151 | Orc:2    | Bought a scroll of teleportation for 45 gold pieces
 24151 | Orc:2    | Bought a scroll of identify for 30 gold pieces
 24151 | Orc:2    | Bought a scroll of teleportation for 45 gold pieces
 24319 | Orc:2    | Found a bloodstained altar of Trog.
 24352 | Orc:2    | Found Puutz's Food Shoppe.
 24374 | Orc:2    | Found Abudiat's Weapon Boutique.
 24429 | Orc:2    | Bought the +8 war axe of Destiny {antimagic, +Blink rElec
                  | rF+} for 1256 gold pieces
 24448 | Orc:2    | Found a roughly hewn altar of Beogh.
 25103 | D:13     | Found Roleq's General Store.
 25303 | D:13     | Reached skill level 1 in Axes
 25336 | D:13     | Reached XP level 15. HP: 62/134 MP: 9/20
 25441 | D:13     | Found a gate to the Vaults.
 26536 | D:15     | Entered Level 15 of the Dungeon
 26837 | D:15     | Reached skill level 14 in Crossbows
 26856 | D:15     | Found a staircase to the Depths.
 26935 | D:15     | Noticed Azrael
 26940 | D:15     | Killed Azrael
 27525 | Snake:1  | Entered Level 1 of the Snake Pit
 27544 | Snake:1  | Gained mutation: You are surrounded by a mild repulsion
                  | field. (EV +2) [evolution]
 28018 | Snake:1  | Identified Roxanne's Guide on the Rocks
 28018 | Snake:1  | Noticed Roxanne
 28032 | Snake:1  | Killed Roxanne
 28034 | Snake:1  | Reached skill level 15 in Crossbows
 28273 | Snake:1  | You fall through a shaft!
 28878 | Snake:1  | Reached skill level 5 in Axes
 29608 | Snake:2  | Reached XP level 16. HP: 87/145 MP: 21/21
 30010 | Snake:2  | Gained mutation: You expend magic power (3 MP) to
                  | strengthen your wands. [evolution]
 30323 | Snake:3  | Reached skill level 16 in Crossbows
 30953 | Snake:4  | Entered Level 4 of the Snake Pit
 31083 | Snake:4  | Found a runed translucent door.
 31253 | Snake:4  | Noticed Louise
 31258 | Snake:4  | Cast into level 2 of the Abyss (Louise)
 31323 | Abyss:2  | Gained mutation: You are frail. (-10% HP) [mutagenic glow]
 31675 | Abyss:2  | Reached skill level 10 in Polearms
 31720 | Abyss:2  | Noticed an Executioner
 31730 | Abyss:2  | Reached skill level 15 in Fighting
 31773 | Abyss:2  | Reached skill level 17 in Crossbows
 31791 | Abyss:2  | Killed an Executioner
 31825 | Snake:4  | Escaped the Abyss
 31840 | Snake:4  | HP: 5/134 [naga warrior/+0 trident (10)]
 31850 | Snake:4  | Shot with a bolt by a naga sharpshooter

Skill      XL: |  1  2  3  4  5  6  7  8  9 10 11 12 13 14 15 16 |
---------------+-------------------------------------------------+-----
Maces & Flails | 4 5 6 7 9 10 | 10.8
Fighting       | 4 5 6 7 8 9 11 12 13 15 | 15.2
Dodging        | 4 5 7 8 9 10 | 10.6
Stealth        | 2 3 4 |  4.8
Evocations     | 1 2 3 4 5 6 7 8 |  8.4
Armour         | 1 2 4 5 6 8 9 10 11 | 11.8
Crossbows      | 1 3 6 8 10 12 13 15 17 | 17.0
Throwing       | 3 5 7 8 |  8.3
Polearms       | 4 9 10 | 10.4
Axes           | 1 5 7 |  7.3

Action                   |  1- 3 |  4- 6 |  7- 9 | 10-12 | 13-15 | 16-18 || total
-------------------------+-------+-------+-------+-------+-------+-------++-------
Melee: Mace              |    78 |     3 |       |       |       |       ||    81
       Headbutt          |     9 |    17 |    95 |   137 |   263 |    55 ||   576
       Flail             |       |   134 |       |       |       |       ||   134
       Arbalest          |       |     9 |   313 |   259 |    55 |     3 ||   639
       Demon whip        |       |       |       |   215 |   253 |       ||   468
       Spear             |       |       |       |       |   611 |   198 ||   809
       War axe           |       |       |       |       |    27 |       ||    27
 Fire: Arbalest          |       |     9 |    76 |   186 |   309 |   165 ||   745
Throw: Tomahawk          |       |       |       |    56 |    39 |       ||    95
       Javelin           |       |       |       |     2 |     5 |       ||     7
Invok: Potion Petition   |       |       |       |     1 |     6 |     5 ||    12
       Call Merchant     |       |       |       |     1 |     1 |       ||     2
Evoke: Wand              |       |       |     8 |     2 |    42 |       ||    52
       Sack of spiders   |       |       |       |     4 |     1 |       ||     5
       Lamp of fire      |       |       |       |       |     1 |     1 ||     2
       Phial of floods   |       |       |       |       |     1 |       ||     1
  Use: Scroll            |     2 |       |    10 |    10 |    15 |       ||    37
       Potion            |     3 |       |     6 |       |    10 |     5 ||    24
 Stab: Sleeping          |       |     1 |       |       |     2 |       ||     3
       Distracted        |       |       |     3 |     7 |     5 |     2 ||    17
       Invisible         |       |       |     2 |       |       |       ||     2
  Eat: Chunk             |     2 |     6 |       |     2 |       |       ||    10
       Ration            |       |     1 |     3 |     9 |    13 |     3 ||    29
Armor: Robe              |    22 |     9 |       |       |       |       ||    31
       Ring mail         |       |    61 |     5 |       |       |       ||    66
       Leather armour    |       |       |   114 |    78 |       |       ||   192
       Scale mail        |       |       |       |   181 |   464 |    86 ||   731
       Skin              |       |       |       |       |    24 |       ||    24
Dodge: Dodged            |    56 |   142 |   317 |   589 |   887 |   192 ||  2183
